 Dungeon Crawl Stone Soup version 0.29-a0-43-g62a80824bf (webtiles) character file.

Game seed: 14293093952782837450

41 testman the Skirmisher (level 3, -22/48 HPs)
             Began as a Palentonga Fighter on Feb 2, 2022.
             Killed by an exploding gnoll (26 damage)
             ... ignited by their inner flame
             ... on level 2 of the Dungeon.
             The game lasted 00:02:56 (941 turns).

testman the Skirmisher (Palentonga Fighter)          Turns: 941, Time: 00:02:58

Health: -22/48     AC: 21    Str: 21    XL:     3   Next: 32%
Magic:  3/3        EV:  1    Int:  8    God:
Gold:   33         SH:  4    Dex:  9    Spells: 2/2 levels left

rFire   . . .      SeeInvis +   a - +0 war axe
rCold   . . .      Faith    .   c - +0 buckler
rNeg    . . .      Spirit   .   (armour currently unavailable)
rPois   +          Reflect  .   (helmet currently unavailable)
rElec   .          Harm     .   (cloak currently unavailable)
rCorr   .          Rampage  .   (gloves currently unavailable)
Will    .....      NoTele   +   (no barding)
Stlth   +.........              (no amulet)
HPRegen 0.16/turn               (no ring)
MPRegen 0.08/turn               (no ring)

@: lethally poisoned (-22 -> -24), tree-form
A: stationary, stasis, torment immunity, boosted hp, large, rugged brown scales
3, see invisible, (deformed body), (roll 1), (armoured tail)
a: no special abilities


You were on level 2 of the Dungeon.
You were a tree.
You visited 1 branch of the dungeon, and saw 2 of its levels.

You collected 33 gold pieces.

Inventory:

Hand Weapons
 a - a +0 war axe (weapon)
Missiles
 f - 21 stones
Armour
 b - a +0 scale mail (melded)
 c - a +0 buckler (worn)
Scrolls
 j - a scroll of immolation
Potions
 d - a potion of might


   Skills:
 + Level 3.8 Fighting
 + Level 3.0 Axes
 - Level 2.4 Armour
 - Level 2.4 Shields


You had 2 spell levels left.
You didn't know any spells.
Your spell library was empty.

Dungeon Overview and Level Annotations

Branches:
Dungeon (2/15)

Altars:


Innate Abilities, Weirdness & Mutations

You are a tree.
Your roots penetrate the ground, keeping you stationary.
You cannot be teleported.
You are immune to unholy pain and torment.
Your maximum health is greatly increased.
Your equipment is partially melded.
(You are completely covered in rugged brown scales. (AC +3, +7% HP))
You have supernaturally acute eyesight. (SInv)
((Armour fits poorly on your strangely shaped body.))
((You can roll at nearby foes to attack.))
((You have a long armoured tail.))


Message History

You feel stronger. x2
You closely miss the gnoll.
The gnoll is moderately wounded.
You hit the gnoll.
You feel sick.
You are no longer poisoned.
The gnoll completely misses you. The gnoll hits you but does no damage.
The gnoll hits you from afar with a +2 spear of venom.
You block the gnoll's attack.
You slash the gnoll!
You kill the gnoll!
You barely miss the gnoll.
The gnoll hits you but does no damage. x2
You are poisoned.
Your Axes skill increases to level 3!
You closely miss the gnoll.
The gnoll is lightly wounded.
You feel very sick. The gnoll hits you with a +0 flail.
You block the gnoll's attack.
It was a potion of flight.
Your roots keep you in place.
You feel sick. The gnoll hits you but does no damage.
The gnoll hits you with a +0 flail.
* * * LOW HITPOINT WARNING * * *
Okay, then.
Okay, then.
Okay, then.
As you read the scroll labelled LETZEM BEGI, it crumbles to dust.
You feel a strange sense of stasis.
It was a scroll of teleportation.
You feel sick. You block the gnoll's attack.
The gnoll hits you but does no damage.
As you read the scroll labelled GOR AMENAKK, it crumbles to dust.
The creatures around you are filled with an inner flame!
It was a scroll of immolation.
You feel sick. The gnoll hits you but does no damage.
The gnoll hits you with a +0 flail.
* * * LOW HITPOINT WARNING * * *
You hit the gnoll.
Flame seeps out of the gnoll.
The gnoll is heavily wounded.
You feel sick. The gnoll hits you but does no damage.
The gnoll is engulfed in blazing flames.
The gnoll explodes!
The fiery explosion engulfs you!!
Ouch! That really hurt!
You die...

.. ...# ## .## #...##.# .#
... #...#.#... ....
...##.####....##..##...#
##....................## #
#........................
........g...............#.
......###§§...##.........
....## #○♣....#........#
#.. #§§...#..##.#...# ..
#.....##.##.....### .
#.....##.###.#.....
##...###.###...####
##...###.......# #.
######.......######## #.
#......##.##...##### #.
#.####.##.##.......# #.


You could see a gnoll (inner flame).

Vanquished Creatures
  3 gnolls (D:2)
  4 ball pythons
  2 bats (D:1)
  An endoplasm (D:1)
  A giant cockroach (D:1)
  A goblin (D:1)
  3 hobgoblins
  2 jackals (D:1)
  2 kobolds (D:1)
  4 rats (D:1)
23 creatures vanquished.

Notes
Turn   | Place    | Note
-------+----------+-------------------------------------------
     0 | D:1      | testman the Palentonga Fighter began the quest for the Orb.
     0 | D:1      | Reached XP level 1. HP: 19/19 MP: 1/1
   138 | D:1      | Reached XP level 2. HP: 25/25 MP: 2/2
   935 | D:2      | Reached XP level 3. HP: 28/32 MP: 3/3
   941 | D:2      | Killed by an exploding gnoll... ignited by their inner
                  | flame

Illustrated notes

Levels and vault maps discovered:
D:1:      wander_arrival_desolate, layout_basic, nrook_campfire
D:2:      layout_loops_cross, basic_altar

Skill      XL: |  1  2  3 |
---------------+----------+-----
Axes           | 3 |  3.0
Fighting       | |  3.8
Armour         | |  2.4
Shields        | |  2.4

Action                   || total
-------------------------++-------
Melee: War axe           ||    51
       Tailslap          ||     4
 Abil: Rolling Charge    ||    18
  Use: Potion            ||     3
       Scroll            ||     2
Armor: Scale mail        ||    16
       Skin              ||    13
Dodge: Dodged            ||    13
Block: Buckler           ||    11

Table legend: (Time is in decaauts)
 A = Elapsed time spent in this place.
 B = Non-inter-level travel time spent in this place.
 C = Inter-level travel time spent in this place.
 D = Time resting spent in this place.
 E = Time spent auto-exploring this place.
 F = Levels seen in this place.
 G = Mean time per level.
                   A        B        C        D        E       F      G
               +--------+--------+--------+--------+--------+-----+--------+
         Total |    960 |    946 |     14 |      0 |    789 |   2 |  480.0 |
       Dungeon |    960 |    946 |     14 |      0 |    789 |   2 |  480.0 |
               +--------+--------+--------+--------+--------+-----+--------+

Top non-repeatable levels by time:
     D:1: 698 daAuts
     D:2: 262 daAuts
